[Event "34th GER-ch Seniors-50 2022"]
[Site "Magdeburg"]
[Date "2022.08.12"]
[Round "1.1"]
[White "Witte, Ronald"]
[Black "Zude, Arno"]
[Result "0-1"]
[ECO "E16"]
[WhiteElo "1980"]
[BlackElo "2371"]
[Annotator "TA"]
[PlyCount "70"]
[EventDate "2022.08.12"]
[EventType "swiss"]
[EventCountry "GER"]
[SourceTitle "playchess.com"]
[Source "ChessBase"]
[SourceQuality "1"]
[TimeControl "40/5400+30:1800+30"]

1. d4 Nf6 2. c4 e6 3. Nf3 Bb4+ 4. Bd2 Qe7 5. Nc3 b6 6. g3 Bb7 7. Bg2 Bxc3 8. Bxc3 Ne4 9. Qc2 Nxc3 10. Qxc3 O-O 11. O-O c5 {[%emt 0:06:00] E16: Queen's Indian: 4 g3 Bb7 5 Bg2 Bb4+.} 12. dxc5 bxc5 13. Rfd1 {[%emt 0:01:42] [#]} Rd8 $146 {[%emt 0:06:03] The position is equal.} ({Predecessor:} 13... Nc6 14. Rd2 d6 15. Rad1 Rfd8 16. Qe3 Rd7 17. Qg5 Qf8 18. Qf4 Rad8 19. Ng5 h6 {0-1 (34) Schaefer,M (2176)-Solomon,K (2414) Ortisei 2013}) 14. Rac1 (14. Qd3 $5 d5 15. cxd5 exd5 16. Rac1 $11) 14... d6 15. Qc2 Nc6 16. b3 a5 17. a4 Rab8 18. e3 Nb4 19. Qb2 e5 20. Rd2 e4 21. Ne1 g5 22. Bf1 Nc6 23. Qc3 g4 24. Ng2 Ne5 25. Be2 Bc6 26. Nf4 f6 27. Rcd1 Kf7 28. Nd5 ({Much weaker is} 28. Qxa5 Rxb3 29. Nd5 Qd7 $15) (28. h3 $14) 28... Bxd5 $11 29. Rxd5 Qc7 30. Qc2 f5 31. Kg2 Ke6 32. h4 (32. h3 $11 h5 33. Qc3) 32... Rd7 $15 33. Rb1 Rb4 34. Qc3 Qb6 (34... Qb8 $15) 35. Rb2 (35. Rbd1 $1 $11) 35... Rb7 {[%emt 0:01:04][%mdl 32768] Weighted Error Value: White=0.13 (very precise) /Black=0.12 (very precise) . Loss on time!?} ({Black should play} 35... Ra7 $15) 0-1

[Event "34th GER-ch Seniors-50 2022"]
[Site "Magdeburg"]
[Date "2022.08.12"]
[Round "1.2"]
[White "Pirrot, Dieter"]
[Black "Fabig, Holger"]
[Result "1-0"]
[ECO "B00"]
[WhiteElo "2328"]
[BlackElo "1970"]
[Annotator "TA"]
[PlyCount "33"]
[EventDate "2022.08.12"]
[EventType "swiss"]
[EventCountry "GER"]
[SourceTitle "playchess.com"]
[Source "ChessBase"]
[SourceQuality "1"]
[TimeControl "40/5400+30:1800+30"]

1. e4 e6 2. d4 b6 3. Bd3 Bb7 4. Nf3 Nf6 5. Qe2 d5 6. e5 Nfd7 7. h4 {[%emt 0:07:12][%cal Bh2h4,Bh4h5,Bh5g6,Bg6f7][%mdl 32] B00: Queen's Fianchetto Defence, Nimzowitsch Defence.} c5 {[%emt 0:01:04] aiming for ...c4.} 8. Ng5 {[%emt 0:08:27][%cal Og5e6] Threatens to win with Nxe6!} g6 $2 {[%emt 0:11:49][%mdl 8192] [#] Loses the game.} (8... Qe7 $15) 9. h5 $1 $18 {[%emt 0:02:06] White has a decisive advantage.} (9. Qf3 Qe7 $11) 9... c4 $2 {[%emt 0:04:42] [#]} (9... Qe7 10. hxg6 fxg6 11. Bxg6+ hxg6 12. Rxh8 cxd4) 10. hxg6 $146 {[%emt 0:08:08] White is clearly winning.} ({Predecessor:} 10. Qf3 Qe7 11. hxg6 cxd3 12. Nxf7 hxg6 13. Nxh8 dxc2 14. Nc3 Nc6 15. Nxg6 Qb4 16. Nxf8 Nxf8 {1-0 (28) Urkedal,F (2176)-Carlsen,H (2095) Gausdal 2007}) 10... cxd3 11. gxf7+ Ke7 12. Qg4 Qc8 13. Nc3 Nxe5 14. dxe5 Nc6 15. Nxh7 {[%emt 0:08:10] Pair of Knights!} Nxe5 16. Qg5+ ({Weaker is} 16. Qf4 Bg7 $16) 16... Kd6 17. Bf4 {[%emt 0:00:44][%csl LRd3,LRe5] Weighted Error Value: White=0.24 (precise) /Black=1.06} 1-0

[Event "34th GER-ch Seniors-50 2022"]
[Site "Magdeburg"]
[Date "2022.08.12"]
[Round "1.3"]
[White "Noldt, Torsten"]
[Black "Raitza, Olaf"]
[Result "0-1"]
[ECO "A13"]
[WhiteElo "1965"]
[BlackElo "2289"]
[Annotator "TA"]
[PlyCount "72"]
[EventDate "2022.08.12"]
[EventType "swiss"]
[EventCountry "GER"]
[SourceTitle "playchess.com"]
[Source "ChessBase"]
[SourceQuality "1"]
[TimeControl "40/5400+30:1800+30"]

1. Nf3 Nf6 2. c4 e6 3. b3 d5 4. e3 c5 5. Bb2 Nc6 6. Be2 (6. cxd5 $11 exd5 7. Be2) 6... d4 $1 {[%emt 0:04:03] 6...d4 is better than 6...Be7. A13: English Opening: 1...e6.} 7. d3 e5 8. exd4 exd4 {[%emt 0:05:46] Black is better.} ({Much less strong is} 8... Nxd4 9. Nxe5 Qe7 10. f4 $14) 9. O-O Bd6 10. Re1 O-O 11. Nbd2 h6 {[%emt 0:04:09] Black is more active.} 12. a3 {[%emt 0:06:11][%cal Ob3b4] [#]} a5 $146 (12... Bf5 13. Nf1 Qd7 14. Ng3 Bh7 15. Bf1 Rfe8 16. Qd2 b6 17. Rxe8+ Rxe8 18. Rb1 Ng4) ({Predecessor:} 12... Bf5 13. Nf1 Qd7 14. Ng3 Bh7 15. Bf1 Rfe8 16. Qd2 b6 17. Rxe8+ Rxe8 18. Rb1 Ng4 {0-1 (39) Vedder,H (2378)-Ben Artzi,I (2286) Hoogeveen 2012}) 13. h3 g5 14. Ne4 Nxe4 15. dxe4 f5 (15... Qf6 $17 16. Bf1 Re8) 16. e5 (16. exf5 $1 $11 Bxf5 17. b4) 16... Bxe5 ({Black should try} 16... Bc7 $17 {Threatens to win with ...g4.} 17. Qd2 Ra6) 17. Nxe5 $11 Nxe5 18. Bh5 Qd6 19. Qe2 (19. f4 $1 $11 gxf4 20. Bc1) 19... Nc6 $17 20. Bf3 Bd7 21. Bd5+ Kg7 22. Bxc6 Bxc6 23. Qe5+ Qxe5 24. Rxe5 b6 25. Re6 Rf6 26. Re7+ Kf8 27. Rae1 Re8 28. Rxe8+ Bxe8 {[%emt 0:00:04][%mdl 4096] Endgame KRB-KRB} 29. Re5 f4 30. b4 Rc6 31. bxa5 bxa5 (31... Bf7 32. a4 d3) 32. Rf5+ $2 {[%emt 0:01:05] This costs White the game.} (32. a4) (32. a4 $17) 32... Bf7 $19 {[%emt 0:04:51] [#] White must now prevent ...Rb6.} 33. a4 $2 (33. Bc1) (33. Re5 {is a better defense.}) 33... Rb6 {[%emt 0:11:12] Black is clearly winning.} 34. Ba3 Rb1+ 35. Kh2 d3 {[%emt 0:00:07] Strongly threatening ...d2.} 36. Rxc5 {[%emt 0:00:39] [#] And now Rb5+ would win.} Kg7 {[%emt 0:00:30] Weighted Error Value: White=0.35/Black=0.15 (very precise)} 0-1

[Event "34th GER-ch Seniors-50 2022"]
[Site "Magdeburg"]
[Date "2022.08.12"]
[Round "1.4"]
[White "De Roda Husman, Juan"]
[Black "Dreke, Frank"]
[Result "1-0"]
[ECO "B05"]
[WhiteElo "2266"]
[BlackElo "1955"]
[Annotator "TA"]
[PlyCount "91"]
[EventDate "2022.08.12"]
[EventType "swiss"]
[EventCountry "GER"]
[SourceTitle "playchess.com"]
[Source "ChessBase"]
[SourceQuality "1"]
[TimeControl "40/5400+30:1800+30"]

1. e4 Nf6 2. e5 Nd5 3. d4 d6 4. Nf3 Bg4 5. Be2 e6 6. O-O Be7 7. c4 Nb6 8. exd6 cxd6 9. Nc3 O-O 10. b3 (10. h3 $5 Bxf3 11. Bxf3 $14) 10... a5 {[%emt 0:08:47] B05: Alekhine's Defence: 4 Nf3 Bg4.} 11. a4 Nc6 12. Nb5 {[%emt 0:08:35] [#]} Nb4 $146 {[%emt 0:12:08] White is slightly better.} ({Predecessor:} 12... Nd7 13. h3 Bf5 14. d5 exd5 15. Qxd5 Bg6 16. Bf4 Nc5 17. Nxd6 Nxb3 18. Rad1 Bxd6 19. Bxd6 {½-½ (35) Shtanko,D (2311)-Nosenko,A (2498) Alushta 2009}) 13. Bf4 f6 (13... Bf5 $11) 14. Ne1 $16 Bf5 15. Bg4 Bxg4 16. Qxg4 e5 17. dxe5 dxe5 18. Bh6 $40 {[%emt 0:05:32][%csl Gh6][%cal Rg4g7][%mdl 128] [#] White has some attack.} Rf7 19. Rd1 Qc8 20. Qxc8+ Rxc8 21. Be3 Bc5 (21... Rc6 $14) 22. Bxc5 Rxc5 23. Nd3 Nxd3 24. Rxd3 e4 (24... Rc8 $16) 25. Rd8+ $18 Rf8 26. Rfd1 Rc8 27. Rxc8 Nxc8 {[%emt 0:00:21][%mdl 4096] Endgame KRN-KRN} 28. g4 g6 29. Nc7 (29. Nc3 $142) 29... b6 ({Black should try} 29... Na7) 30. Rd4 {[%emt 0:03:27] White is more active.} f5 31. g5 h6 32. h4 hxg5 33. hxg5 Rf7 34. Ne8 (34. Rd8+ $18 Rf8 35. Rd1) 34... Rf8 35. Nf6+ (35. Rd8 $142 Kf7 36. Nd6+ Nxd6 37. Rxd6) 35... Kf7 $16 36. Rd7+ Ke6 37. Rb7 Kd6 (37... Rd8 $14) 38. Kg2 $18 Rd8 39. Nd5 Kc5 (39... Ke5 $16 {keeps fighting.} 40. Kg3 (40. Nxb6 Nxb6 41. Rxb6 Rd2 $11) 40... Rg8) 40. Rg7 Kd4 $2 (40... Rd6 41. Kg3 (41. Rc7+ Rc6 $18) 41... Rc6) 41. Rxg6 {[%emt 0:31:46] White is clearly winning.} f4 42. Nxf4 {[%emt 0:00:00] [#] Ne6+ is the strong threat.} Kc3 43. Nd5+ Kxb3 44. Nxb6 Nxb6 45. Rxb6+ Kxc4 46. Rb5 {[%emt 0:00:00] Weighted Error Value: White=0.14 (very precise) /Black=0.38} 1-0

[Event "34th GER-ch Seniors-50 2022"]
[Site "Magdeburg"]
[Date "2022.08.12"]
[Round "1.5"]
[White "Doeserich, Juergen"]
[Black "Wacker, Peter"]
[Result "0-1"]
[ECO "D35"]
[WhiteElo "1945"]
[BlackElo "2263"]
[Annotator "TA"]
[PlyCount "84"]
[EventDate "2022.08.12"]
[EventType "swiss"]
[EventCountry "GER"]
[SourceTitle "playchess.com"]
[Source "ChessBase"]
[SourceQuality "1"]
[TimeControl "40/5400+30:1800+30"]

1. d4 Nf6 2. c4 e6 3. Nc3 d5 4. cxd5 exd5 5. Bg5 c6 6. e3 Be7 {[%emt 0:01:35] 6...h6 is more advanced technology.} 7. Bd3 Nbd7 8. h3 {[%emt 0:01:03] D35: Queen's Gambit Declined: Exchange Variation.} b6 {[%emt 0:03:55] [#]} 9. Bf4 $146 (9. Qc2 Bb7 10. Nge2 c5 11. Ng3 g6 12. Bh6 Rc8 13. Bg7 Rg8 14. Bh6 c4 15. Be2 Nf8) ({Predecessor:} 9. Qc2 Bb7 10. Nge2 c5 11. Ng3 g6 12. Bh6 Rc8 13. Bg7 Rg8 14. Bh6 c4 15. Be2 Nf8 {1-0 (33) Fominykh,M (2259)-Miroshnik,E (2039) Moscow 2019}) 9... Bb7 10. Qc2 {[%emt 0:02:23] White is slightly better.} Rc8 11. Nf3 O-O 12. O-O (12. Ne5 {seems wilder.} g6 13. Bh6 Re8 14. f4) 12... c5 13. Rfd1 c4 14. Bf1 a6 15. Nd2 b5 16. a3 Re8 17. g4 Nb6 18. Bg2 Bd6 19. Bxd6 Qxd6 20. e4 (20. g5 $11 Nfd7 21. Nf3) 20... dxe4 21. Ndxe4 Nxe4 22. Nxe4 Bxe4 23. Bxe4 h5 24. d5 (24. gxh5 $142 Rcd8 25. Re1) 24... Na4 $17 25. Bf5 (25. Bh7+ $17 {might work better.} Kh8 26. Bf5 (26. gxh5 $2 g6 $19)) 25... Rc7 (25... Rcd8 $19 {has better winning chances. Hoping for ...g6.} 26. Rac1 g6) 26. Re1 Rce7 {[%emt 0:00:00] Black is more active.} 27. Rxe7 Rxe7 28. Qd2 $2 {[%emt 0:00:00] [#] This costs White the game.} (28. b3 Nc5 29. bxc4) (28. b3 $17 Nc5 29. bxc4) 28... hxg4 $19 29. hxg4 g6 30. Bc2 Nb6 31. Rd1 Re5 32. Qh6 $2 {[%emt 0:00:00] [#]} (32. Qc3) (32. Qc3) 32... Re2 33. Bf5 Nxd5 34. Rd4 Qe5 35. Bxg6 fxg6 36. Qxg6+ Kf8 37. Qh6+ Ke7 38. Qh7+ Kd6 39. Qh6+ Kc5 40. Rxd5+ Kxd5 41. Qxa6 Re1+ 42. Kg2 Qe4+ {[%emt 0:01:34] Weighted Error Value: White=0.86/Black=0.14 (very precise)} 0-1

[Event "34th GER-ch Seniors-50 2022"]
[Site "Magdeburg"]
[Date "2022.08.12"]
[Round "1.6"]
[White "Koscielski, Janusz"]
[Black "Noack, Mario"]
[Result "1-0"]
[ECO "B13"]
[WhiteElo "2255"]
[BlackElo "1938"]
[Annotator "TA"]
[PlyCount "55"]
[EventDate "2022.08.12"]
[EventType "swiss"]
[EventCountry "GER"]
[SourceTitle "playchess.com"]
[Source "ChessBase"]
[SourceQuality "1"]
[TimeControl "40/5400+30:1800+30"]

1. e4 c6 2. d4 d5 3. exd5 cxd5 4. Bd3 Nc6 5. c3 g6 6. Nf3 Nh6 7. O-O Bg7 8. Re1 O-O 9. h3 f6 {[%emt 0:00:40] B13: Caro-Kann: Exchange Variation and Panov-Botvinnik Attack.} 10. c4 Nf7 11. Nc3 {[%emt 0:13:19] [#]} e5 $146 {[%emt 0:06:28] White is better.} ({Predecessor:} 11... dxc4 12. Bxc4 Kh8 13. a3 e5 14. Bxf7 exd4 15. Nb5 Rxf7 16. Nbxd4 Nxd4 17. Qxd4 Qxd4 18. Nxd4 {½-½ (27) Hugentobler,P (2168)-Berkovich,M (2323) Prague 2021}) 12. dxe5 {[%emt 0:05:54] White is more active.} ({Don't do} 12. cxd5 Nxd4 13. Nxd4 exd4 $16) 12... d4 (12... fxe5 $16 {was necessary.} 13. Nxd5 Bf5) 13. exf6 $18 Qxf6 14. Nd5 Qd6 15. Bf4 Nfe5 16. Nxe5 Bxe5 17. Bh6 (17. Bxe5 $142 Nxe5 18. Be4) 17... Bg7 18. Qd2 {[%emt 0:02:25] Hoping for Bf4.} Ne5 $2 (18... Bxh6 19. Qxh6 Bf5) (18... Bxh6 $16 19. Qxh6 Bf5) 19. Bxg7 Kxg7 {[%emt 0:00:55] [#]} 20. Bf1 (20. Rxe5 $142 $1 Qxe5 21. Re1) 20... d3 $2 (20... Nc6 21. b4 a6) 21. Qc3 Rf5 22. f4 (22. Bxd3 Rh5 23. Nf4) (22. Bxd3 $142 Rg5 23. f4) 22... Qc5+ 23. Kh2 Kh6 (23... Qxc4 $142 24. Rxe5 Qxc3 25. Nxc3 Rxf4 26. Bxd3 Bd7) 24. Rxe5 Qf2 25. Bxd3 Rh5 26. Rxh5+ {[%emt 0:00:27] White mates.} Kxh5 27. Qf6 h6 28. Bxg6# {[%emt 0:00:10] Black got outplayed after the opening.  Weighted Error Value: White=0.62/Black=1.30} 1-0

[Event "34th GER-ch Seniors-50 2022"]
[Site "Magdeburg"]
[Date "2022.08.12"]
[Round "1.7"]
[White "Kuehn, Matthias"]
[Black "Schleicher, Guido"]
[Result "1/2-1/2"]
[ECO "B23"]
[WhiteElo "1918"]
[BlackElo "2234"]
[Annotator "NA RC"]
[PlyCount "55"]
[EventDate "2022.08.12"]
[EventType "swiss"]
[EventCountry "GER"]
[SourceTitle "playchess.com"]
[Source "ChessBase"]
[SourceQuality "1"]
[TimeControl "40/5400+30:1800+30"]

1. e4 c5 2. Nc3 Nc6 3. f4 g6 4. Nf3 Bg7 5. d3 e6 6. g4 Nge7 7. Bg2 O-O 8. h4 f5 9. gxf5 exf5 10. h5 d5 11. Ng5 h6 12. hxg6 Nxg6 13. Qh5 fxe4 14. Nxd5 {[%emt 0:18:26] [#]} Qxd5 ({Better is} 14... exd3 $1 $15 15. Qxg6 Bf5) 15. Bxe4 ({But not} 15. Qxg6 $2 Bf5 16. Bxe4 (16. dxe4 $2 Rae8 $19) 16... Qxe4+ 17. Nxe4 Bxg6 $19) 15... Qd6 16. Bxg6 Bf5 17. Bf7+ Kh8 {[%emt 0:02:30] [#]} 18. Ne4 $2 (18. Bd2 $1 $16 {keeps the pressure on.}) 18... Bxe4 19. dxe4 {[%emt 0:00:19] [#]} Rad8 (19... Nb4 $1 $17 20. c3 Nd3+ 21. Ke2 Qa6) 20. f5 $2 {[%emt 0:03:23] [#]} (20. Be3 $11 {and White stays safe.} Nb4 21. O-O) 20... Qf6 $4 (20... Rxf7 $1 $19 {[%mdl 512] avoids the disaster.} 21. Bxh6 Kg8) 21. Bg6 Kg8 22. c3 $16 (22. Bxh6 $18 Qxb2 {[#]} 23. Be3 $1 (23. Bxg7 Qxg7 24. Rb1 Qc3+ 25. Kf1 Qc4+ 26. Qe2 Ne5 $18) 23... Qc3+ 24. Kf1 (24. Kf2 Rd2+ 25. Bxd2 Qxd2+ 26. Kf3 Nd4+ 27. Kg3 Ne2+ 28. Kf3 Nd4+ 29. Kg3 Ne2+ 30. Kf3 Nd4+ $11)) 22... Qe5 23. Bxh6 Qg3+ 24. Kf1 Bxh6 25. Qxh6 Qf3+ 26. Kg1 Qg3+ 27. Kf1 Qf3+ 28. Kg1 1/2-1/2

[Event "34th GER-ch Seniors-50 2022"]
[Site "Magdeburg"]
[Date "2022.08.12"]
[Round "1.8"]
[White "Heck, Norbert"]
[Black "Arndt, Olaf"]
[Result "1-0"]
[ECO "A84"]
[WhiteElo "2249"]
[BlackElo "1914"]
[Annotator "TA"]
[PlyCount "49"]
[EventDate "2022.08.12"]
[EventType "swiss"]
[EventCountry "GER"]
[SourceTitle "playchess.com"]
[Source "ChessBase"]
[SourceQuality "1"]
[TimeControl "40/5400+30:1800+30"]

1. Nf3 f5 2. d4 e6 3. c4 b6 4. g3 Bb7 5. Bg2 Bb4+ 6. Bd2 {[%emt 0:00:37] A84: Dutch Defence: 2 c4 Miscellaneous.} a5 7. O-O Bxd2 8. Qxd2 {[%emt 0:00:31] White is slightly better.} Nf6 9. Nc3 O-O 10. d5 {[%emt 0:02:07] [#]} Qe7 $146 {[%emt 0:10:35] [#]} (10... Na6 $14) ({Predecessor:} 10... Na6 11. Rad1 Nc5 12. dxe6 dxe6 13. Qxd8 Raxd8 14. Nb5 Ba6 15. Nfd4 Nfe4 16. f3 Bxb5 17. fxe4 Bxc4 {0-1 (38) Van Kooten,L (2252)-Hort,V (2519) Hoogeveen 2001}) 11. Nd4 $1 $16 {[%emt 0:01:53][%cal Od5d6] Threatens to win with d6!} c6 12. Rad1 {[%emt 0:09:15] White is more active.} Ng4 (12... g6 $16) 13. h3 Ne5 14. b3 f4 15. gxf4 Ng6 16. e3 Nh4 17. Bh1 e5 18. Nde2 Rf6 $2 {[%emt 0:05:51] [#]} (18... exf4 19. Nxf4 Na6) 19. Kh2 ({Less strong is} 19. Be4 exf4 20. dxc6 (20. Nxf4 Na6 $16) 20... Bxc6 $16) (19. dxc6 $142 Rg6+ 20. Kh2 Bxc6 21. Nd5 (21. Bd5+ Kh8 $18)) 19... Rh6 20. Rg1 Nf5 $2 (20... Na6 {keeps fighting.} 21. Na4 Nc5 22. Nxb6 Rf8 23. Qxa5 Ng6 24. dxc6 Bxc6) 21. Rg5 $18 {[%emt 0:00:30] White is clearly winning.} g6 22. dxc6 dxc6 23. Qd8+ Kf7 24. Qxe7+ Kxe7 25. e4 {[%emt 0:00:30] White took control after the opening.  Weighted Error Value: White=0.20 (precise) /Black=0.52} 1-0

[Event "34th GER-ch Seniors-50 2022"]
[Site "Magdeburg"]
[Date "2022.08.13"]
[Round "2.1"]
[White "Zude, Arno"]
[Black "Hoffmann, Uwe"]
[Result "1-0"]
[ECO "B33"]
[WhiteElo "2371"]
[BlackElo "2077"]
[Annotator "TA"]
[PlyCount "111"]
[EventDate "2022.08.12"]
[EventType "swiss"]
[EventCountry "GER"]
[SourceTitle "playchess.com"]
[Source "ChessBase"]
[SourceQuality "1"]
[TimeControl "40/5400+30:1800+30"]

1. e4 c5 2. Nf3 Nc6 3. d4 cxd4 4. Nxd4 Nf6 5. Nc3 e5 6. Ndb5 d6 7. Bg5 a6 8. Na3 Be6 9. Nc4 Rc8 10. Nd5 Bxd5 {[%emt 0:00:34] B33: Sicilian: Pelikan and Sveshnikov Variations.} 11. exd5 Nb8 (11... Ne7 $5 ) 12. a4 Be7 {[%emt 0:00:56] White is slightly better.} 13. Be2 O-O 14. Be3 Nbd7 {[%emt 0:04:13][%cal Of6g4] [#]} 15. a5 $146 ({Predecessor:} 15. O-O Ne8 16. a5 f5 17. Nb6 Nxb6 18. Bxb6 Qd7 19. c4 e4 20. b4 {½-½ (85) Schaarschmidt,K (2049)-Strutinskaya,G (2296) Wunsiedel 2014}) 15... Ne8 16. Qd2 f5 17. f3 Bf6 (17... Bh4+ $11 18. g3 f4) 18. O-O Qe7 19. Rab1 Nc7 20. Na3 Rce8 (20... f4 $14 21. Ba7 Ne8) 21. Rfe1 {[%emt 0:07:13] White is more active.} (21. Qb4 $16) 21... Kh8 (21... Bh4 $5 ) 22. c4 Qf7 (22... Bh4 $11 {remains equal.}) 23. Qb4 $16 {[%emt 0:02:29][%csl LRb7,LRd6] Black is now going downhill.} Nc5 (23... f4 $16) 24. Bxc5 $18 dxc5 25. Qxc5 e4 26. Nc2 g5 (26... Nb5 $142 27. fxe4 (27. cxb5 Rc8 $18) 27... Rc8) 27. fxe4 fxe4 28. Rf1 Qg7 29. Rf2 {[%emt 0:05:21] Rbf1 is the strong threat.} Be5 30. Rbf1 Rxf2 31. Rxf2 ({But not} 31. Qxf2 e3 32. Qf7 (32. Nxe3 $2 Bd4 $17) (32. Qxe3 $2 Bxh2+ 33. Kxh2 Rxe3 $19) 32... Qxf7 33. Rxf7 Kg8 $18) 31... g4 32. g3 h5 $2 (32... Bxb2 33. Rf4 Bc1) 33. Rf5 Qh7 34. Rf8+ Rxf8 35. Qxf8+ Qg8 36. Qh6+ Qh7 37. Qf8+ Qg8 38. Qf5 Qe8 39. b4 {[%emt 0:01:48] [#] And now d6 would win.} Bc3 (39... Kg7 $142 40. Bf1 Bf6) 40. Kg2 Qe5 41. Qxe5+ Bxe5 {[%emt 0:30:03][%mdl 4096] Endgame KBN-KBN} 42. h3 gxh3+ 43. Kxh3 Na8 $2 (43... Kg7 {might work better.} 44. Bxh5 Kf6) 44. g4 hxg4+ 45. Kxg4 b6 46. Kf5 Bc3 47. d6 {[%emt 0:00:00] [#] White wants to mate with d7.} Kg7 48. Kxe4 bxa5 49. bxa5 Bxa5 50. c5 Kf6 51. Kd5 Kf7 52. Kc6 Ke6 53. Nd4+ Ke5 54. Nb3 Bd8 55. Kd7 Bh4 56. Bf3 {[%emt 0:00:00] Weighted Error Value: White=0.53/Black=0.92} 1-0

[Event "34th GER-ch Seniors-50 2022"]
[Site "Magdeburg"]
[Date "2022.08.13"]
[Round "2.2"]
[White "Schulze, Andreas"]
[Black "Pirrot, Dieter"]
[Result "1/2-1/2"]
[ECO "C41"]
[WhiteElo "2082"]
[BlackElo "2328"]
[Annotator "TA"]
[PlyCount "81"]
[EventDate "2022.08.12"]
[EventType "swiss"]
[EventCountry "GER"]
[SourceTitle "playchess.com"]
[Source "ChessBase"]
[SourceQuality "1"]
[TimeControl "40/5400+30:1800+30"]

1. e4 e5 2. Nf3 d6 3. d4 Nf6 4. Nc3 Nbd7 5. Bc4 Be7 6. a4 O-O {[%emt 0:01:03] C41: Philidor Defence.} 7. h3 exd4 8. Qxd4 Nc5 {[%emt 0:04:20] White has an edge.} 9. O-O Nfd7 10. Nd5 Nb6 11. Nxe7+ Qxe7 {[%emt 0:00:10] [#]} 12. Bd3 $146 ({Predecessor:} 12. Re1 Nxc4 13. Qxc4 a5 14. e5 Qe6 15. Qxe6 fxe6 16. Bg5 Rf7 17. exd6 cxd6 18. b3 {½-½ (80) Mingarro Carceller,S (2309)-Minnican,A (2105) Benidorm 2021}) 12... a5 (12... Ncxa4 $11 13. e5 (13. Rxa4 c5 $17) 13... dxe5) 13. Re1 $14 f6 14. Bd2 Bd7 15. b3 Rfe8 16. Nh2 (16. Qc3 $16) 16... Bc6 17. f3 Nxd3 18. Qxd3 Qf7 19. Bc3 Nd7 20. Rad1 b6 21. Ng4 Nc5 22. Qd2 Rad8 {[%emt 0:13:37] [#]} (22... f5 $11 {keeps the balance.} 23. exf5 Qxf5) 23. Ne3 (23. Bxf6 $1 $16 Rd7 24. Bd4) 23... Re6 24. Bb2 Rde8 25. Qf2 Qg6 26. Nf5 d5 27. exd5 {[%emt 0:04:23] White is more active.} (27. Nd4 $14 dxe4 28. Nxe6 Nxe6 29. fxe4) 27... Bxd5 $11 28. Rxe6 Bxe6 29. Ng3 Bxb3 30. cxb3 {[%emt 0:01:19] And now Ba3 would win.} Nd3 31. Rxd3 Qxd3 32. Ne4 Rd8 {[%emt 0:00:37][%mdl 1024] Black has compensation.} 33. Bc3 {[%emt 0:01:43] aiming for Qg3.} Qb1+ (33... f5 $2 {[#]} 34. Qg3 $1 Rd7 35. Nf6+ Kf7 36. Nxd7 Qxc3 37. Kh2 $18) (33... Kf8 $11) 34. Kh2 $14 {[%emt 0:00:01] Threatens to win with Qg3.} Rd1 (34... Qxb3 $2 35. Qg3 Kh8 36. Qxc7 $18) 35. Qe3 (35. Qh4 $16) 35... Qxb3 $11 {[%emt 0:01:24] The position is equal.} 36. Nd6 h6 $36 {[%emt 0:01:42][%mdl 2048] Black is more active.} 37. Qe8+ Kh7 38. Qe4+ Kg8 39. Qe8+ Kh7 40. Qe4+ Kg8 41. Qe8+ {[%emt 0:32:46] Weighted Error Value: White=0.17 (very precise) /Black=0.19 (very precise)} 1/2-1/2

[Event "34th GER-ch Seniors-50 2022"]
[Site "Magdeburg"]
[Date "2022.08.13"]
[Round "2.3"]
[White "Raitza, Olaf"]
[Black "Proschmann, Tino"]
[Result "1-0"]
[ECO "B48"]
[WhiteElo "2289"]
[BlackElo "2070"]
[Annotator "TA"]
[PlyCount "59"]
[EventDate "2022.08.12"]
[EventType "swiss"]
[EventCountry "GER"]
[SourceTitle "playchess.com"]
[Source "ChessBase"]
[SourceQuality "1"]
[TimeControl "40/5400+30:1800+30"]

1. e4 c5 2. Nf3 e6 3. d4 cxd4 4. Nxd4 Nc6 5. Nc3 Qc7 6. Be3 a6 7. Qf3 {[%emt 0:01:48] B48: Sicilian: Taimanov: 5 Nc3 Qc7 6 Be3 a6 without Be2.} Nf6 8. O-O-O Ne5 {[%emt 0:00:18] 8...Rb8 is more fashionable.} 9. Qg3 {[%emt 0:02:33] f4 is the strong threat. The position is equal.} b5 10. Bf4 d6 11. Bxe5 dxe5 12. Bxb5+ axb5 13. Ncxb5 {[%emt 0:00:04] [#]} Qb7 $146 (13... Qc5 $11 {keeps the balance.} 14. b4 Qb6 15. Qxe5 Bxb4 16. Nc7+ Kf8 17. Nxa8 Ba3+ 18. Kd2 Qa7) ({Predecessor:} 13... Qc5 14. b4 Qc4 15. Qxe5 Rxa2 16. Nc7+ Kd7 17. Ncb5 Ke8 18. Qd6 Ra1+ 19. Kb2 Qa2+ 20. Kc3 Nxe4+ {0-1 (20) Sokolovsky,Y (2395)-Volokitin,A (2687) Terme Catez 2022}) 14. Qxe5 $16 {[%emt 0:03:33] [#] Threatens to win with Nc7+.} Be7 {[%emt 0:03:08] aiming for ...0-0.} (14... Rxa2 $2 15. Nc7+ Qxc7 16. Qxc7 $18) 15. Nc7+ {[%emt 0:05:36] Pair of Knights!} Kf8 16. Nxa8 {[%emt 0:01:17] 0x0.00236110448cdp-1022s more active pieces.} Qxa8 17. f3 (17. Qc7 $6 Ne8 18. Qc4 Nd6 $11) 17... Nd7 (17... Bd7 $16 {might work better.}) 18. Qc7 $18 {[%emt 0:44:30] Hoping for Nc6.} g6 19. Nc6 Qxa2 20. c3 (20. Rxd7 $2 Bxd7 21. Qa5 (21. Qxd7 $2 Bg5+ 22. Kd1 Qb1+ 23. Ke2 Qxc2+ 24. Kf1 Qc1+ 25. Kf2 Qxh1 $19) 21... Qxa5 22. Nxa5 Bg5+ 23. Kb1 Ke7 $19) ({White should try} 20. Nxe7 $16 Kxe7 21. b3) 20... Qa1+ $2 {[%emt 0:03:28][%mdl 8192] A mistake that costs the game.} (20... Bg5+ $14 21. Kc2 (21. f4 Qa1+ 22. Kc2 Qa4+ 23. Kc1 Qa1+ 24. Kc2 Qa4+ 25. Kc1 Qa1+ $11) 21... Kg7) 21. Kc2 {[%emt 0:00:00] Dancing on a razor blade.} Qa4+ 22. Kb1 {[%emt 0:00:00] White is clearly winning.} Bf6 (22... Qa8 $142 23. Rxd7 (23. Nxe7 Kxe7 24. Qd6+ Kf6 $16) 23... Bxd7 24. Qxd7 Qe8) 23. e5 Nxe5 24. Nxe5 ({Not} 24. Qxc8+ Kg7 25. Nd8 Nc4 $11) 24... Qe8 {[%emt 0:00:43] [#]} 25. Nxf7 $1 Qxf7 26. Qxc8+ Kg7 27. Qd7 Be7 28. Rhe1 Rd8 29. Qa4 Rb8 30. Qe4 {[%emt 0:00:00] Weighted Error Value: White=0.21 (precise) /Black=0.57} 1-0